 Dungeon Crawl Stone Soup version 0.21.0-24-g2553a33 (webtiles) character file.

15411 terra52 the Cleaver (level 12, -1/97 HPs)
             Began as a Formicid Fighter on Jan 20, 2018.
             Was a High Priest of Okawaru.
             Slain by a troll (5 damage)
             ... on level 1 of the Orcish Mines.
             The game lasted 00:33:12 (8761 turns).

terra52 the Cleaver (Formicid Fighter)              Turns: 8761, Time: 00:33:12

Health: -1/97      AC: 16    Str: 24    XL:     12   Next: 57%
Magic:  16/16      EV: 10    Int:  9    God:    Okawaru [*****.]
Gold:   477        SH: 18    Dex: 14    Spells: 11/11 levels left

rFire    . . .     SeeInvis +   o - +0 battleaxe
rCold    . . .     Gourm    .   x - +0 large shield
rNeg     . . .     Faith    +   P - +6 scale mail of the Cockroach {rElec Stlth+}
rPois    +         Spirit   .   (helmet unavailable)
rElec    +         Reflect  .   L - +0 cloak
rCorr    .         Harm     .   s - +0 pair of gloves
MR       +....                  (no boots)
Stlth    ++........             O - amulet of faith
HPRegen  0.26/turn              w - ring of poison resistance
MPRegen  0.15/turn              R - +3 ring of dexterity

@: no status effects
A: permanent stasis, dig shafts and tunnels, four strong arms, antennae 3
a: Dig, Shaft Self, Heroism, Finesse, Renounce Religion


You were on level 1 of the Orcish Mines.
You worshipped Okawaru.
Okawaru was extremely pleased with you.
You were hungry.

You visited 3 branches of the dungeon, and saw 14 of its levels.

You collected 477 gold pieces.

Inventory:

Hand Weapons
 a - a +0 war axe
 o - a +0 battleaxe (weapon)
 u - a +2 whip of freezing
 v - a cursed -1 flail
 C - a +3 spear of venom
 I - a cursed -2 spear
 K - a +4 quarterstaff of chaos
 U - a +4 scimitar of flaming
Missiles
 q - 93 bolts
 A - 15 tomahawks (quivered)
Armour
 b - a +0 scale mail
 c - a +0 shield
 s - a +0 pair of gloves (worn)
 x - a +0 large shield (worn)
 F - a +0 plate armour
 H - a +0 troll leather armour
 L - a +0 cloak (worn)
 P - the +6 scale mail of the Cockroach (worn) {rElec Stlth+}
   (You found it on level 9 of the Dungeon)

   It insulates you from electricity.
   It makes you more stealthy.
 Q - a +3 plate armour of cold resistance
Jewellery
 g - an uncursed ring of teleportation
 h - an uncursed ring of magical power
 r - an uncursed ring of see invisible
 w - a ring of poison resistance (left hand)
 J - an uncursed ring of flight
 O - an amulet of faith (around neck)
 R - a +3 ring of dexterity (right hand)
Wands
 d - a wand of paralysis (1)
 N - a wand of acid (3)
Scrolls
 e - 5 scrolls of blinking {unknown}
 i - 3 scrolls of identify
 k - 5 scrolls of remove curse
 l - 5 scrolls of teleportation
 p - 3 scrolls of amnesia {unknown}
 t - 2 scrolls of fear {unknown}
 y - 2 scrolls of noise {unknown}
 z - 2 scrolls of enchant weapon {unknown}
 B - a scroll of magic mapping {unknown}
 S - a scroll of immolation {unknown}
Potions
 j - a potion of brilliance
 m - a potion of curing
 n - a potion of invisibility
 D - a potion of cancellation
 G - a potion of haste
 T - a potion of mutation {unknown}
Books
 M - a book of Necromancy

   Spells                             Type                      Level
   a - Pain                           Necromancy                   1
   b - Animate Skeleton               Necromancy                   1
   c - Vampiric Draining              Necromancy                   3
   d - Regeneration                   Charms/Necromancy            3
   e - Animate Dead                   Necromancy                   4
   f - Borgnjor's Vile Clutch         Necromancy/Earth             5
Comestibles
 f - 27 rations
 E - a chunk of flesh


   Skills:
 * Level 10.2 Fighting
 + Level 12.0 Axes
 + Level 0.3 Throwing
 + Level 7.5 Armour
 + Level 3.5 Dodging
 + Level 4.2 Stealth
 + Level 10.6 Shields
 * Level 5.8 Invocations
 + Level 1.4 Evocations


You had 11 spell levels left.
You didn't know any spells.

Dungeon Overview and Level Annotations

Branches:
Dungeon (12/15)            Temple (1/1) D:4            Lair (0/6) D:8
    Orc (1/2) D:12

Altars:
Ashenzari
Cheibriados
Dithmenos
Elyvilon
Fedhas
Gozag
Kikubaaqudgha
Makhleb
Nemelex Xobeh
Okawaru
Qazlal
Ru
Sif Muna
Trog
Uskayaw
Vehumet
Wu Jian
Xom
Yredelemnul
Zin
The Shining One


Innate Abilities, Weirdness & Mutations

You cannot be hasted, slowed, berserked, paralysed or teleported.
You can dig through walls and to a lower floor.
Your four strong arms can wield two-handed weapons with a shield.
You have a pair of large antennae on your head. (SInv)


Message History

You slash the troll! The orc warrior closely misses you.
The troll bites you but does no damage. You block the troll's attack. x2
You hit the orc warrior but do no damage.
The orc warrior is severely wounded.
You hit the troll but do no damage. You block the troll's attack. x2
The troll claws you!
* * * LOW HITPOINT WARNING * * *
Unknown command.
You barely miss the orc warrior.
The orc warrior is heavily wounded.
You closely miss the troll. You block the troll's attack. x2
The troll claws you.
* * * LOW HITPOINT WARNING * * *
The orc warrior hits you with a hand axe!
* * * LOW HITPOINT WARNING * * *
The orc wizard hits you but does no damage.
You feel better. The troll bites you!
* * * LOW HITPOINT WARNING * * *
The troll claws you.
You die...

## ##.## ...## ##
#...###.##
##..#.#...#
#.T@...#.##
##oo......##..
#o............
...$...#.<.$$#..
.$$..............
................#.
......>..........#
..............$.##
........#....$..#


You could see a troll, an orc warrior, an orc wizard and an orc.

Vanquished Creatures
  Azrael (D:12)
  3 two-headed ogres
  Pikel (D:4)
  An ugly thing (D:11)
  A cyclops (D:11)
  2 gargoyles
  4 trolls
  A queen bee (D:9)
  A hippogriff (D:8)
  Sigmund (D:4)
  A wraith (D:10)
  A shadow (D:11)
  A wyvern (D:8)
  5 yaks
  A human (D:10)
  2 hogs (D:10)
  2 fire elementals (D:12)
  5 hungry ghosts
  2 vampire mosquitoes (D:12)
  An acid dragon (D:12)
  A water moccasin (D:9)
  5 hell hounds (D:12)
  4 ice beasts
  5 sky beasts
  3 orc warriors
  2 phantoms
  3 wolves (D:8)
  4 ogres
  4 centaurs
  2 crocodiles
  A big kobold (D:4)
  2 bullfrogs
  A gnoll sergeant (D:6)
  2 wyvern skeletons
  3 scorpions
  31 killer bees
  2 troll zombies (D:12)
  3 wights (D:5)
  2 howler monkeys (D:11)
  5 crimson imps
  2 bullfrog zombies
  An orc priest (D:6)
  2 jellies
  Crazy Yiuf (D:7)
  2 bullfrog skeletons (D:10)
  5 hounds
  5 orc wizards
  2 iguanas
  3 centaur skeletons
  8 worker ants
  6 ogre zombies (D:12)
  A hound skeleton (D:7)
  11 adders
  8 gnolls
  A howler monkey skeleton (D:6)
  A shadow imp (D:8)
  An ooze (D:2)
  3 worms
  8 leopard geckos
  31 orcs
  2 bats
  9 giant cockroaches
  8 goblins
  8 hobgoblins
  11 jackals
  11 kobolds
  3 quokkas
  3 ball pythons
  4 frilled lizards
  2 goblin skeletons (D:12)
  3 goblin zombies (D:12)
  2 hobgoblin skeletons (D:12)
  3 hobgoblin zombies (D:12)
  4 orc skeletons (D:12)
  11 orc zombies (D:12)
  A quokka skeleton (D:8)
  A quokka zombie (D:5)
  7 rats
317 creatures vanquished.

Notes
Turn   | Place    | Note
-------+----------+-------------------------------------------
     0 | D:1      | terra52 the Formicid Fighter began the quest for the Orb.
     0 | D:1      | Reached XP level 1. HP: 18/18 MP: 1/1
    74 | D:1      | Reached XP level 2. HP: 17/24 MP: 2/2
   471 | D:1      | Reached XP level 3. HP: 25/29 MP: 3/3
   666 | D:2      | Reached XP level 4. HP: 12/35 MP: 4/4
   783 | D:2      | Reached skill level 3 in Axes
   971 | D:2      | Found a shadowy altar of Dithmenos.
  1263 | D:3      | Reached XP level 5. HP: 41/41 MP: 5/5
  1387 | D:3      | Reached skill level 4 in Axes
  1461 | D:3      | Found a blossoming altar of Fedhas.
  1802 | D:3      | Found a glowing silver altar of Zin.
  1959 | D:4      | Reached XP level 6. HP: 47/47 MP: 6/6
  2008 | D:4      | Found a staircase to the Ecumenical Temple.
  2018 | Temple   | Entered the Ecumenical Temple
  2209 | D:4      | Reached skill level 5 in Axes
  2299 | D:4      | Noticed Sigmund
  2320 | D:4      | Killed Sigmund
  2320 | D:4      | Reached skill level 1 in Dodging
  2320 | D:4      | Reached XP level 7. HP: 32/53 MP: 7/7
  2323 | D:4      | Noticed Pikel
  2332 | D:5      | Entered Level 5 of the Dungeon
  2423 | D:5      | Found an opulent altar of Gozag.
  2439 | D:5      | Reached skill level 1 in Stealth
  2498 | D:4      | Killed Pikel
  2498 | D:4      | Reached skill level 7 in Axes
  2498 | D:4      | Reached skill level 5 in Armour
  2498 | D:4      | Reached skill level 5 in Shields
  2498 | D:4      | Reached XP level 8. HP: 36/61 MP: 8/8
  3572 | D:6      | Reached skill level 5 in Fighting
  3602 | D:6      | Reached XP level 9. HP: 62/68 MP: 9/9
  3648 | D:6      | Noticed a five-headed hydra
  3675 | D:5      | You fall through a shaft for 2 floors!
  4007 | D:7      | Found a hide-covered altar of Uskayaw.
  4009 | D:7      | Found a deep blue altar of Sif Muna.
  4026 | D:7      | Found a stormy altar of Qazlal.
  4182 | D:6      | Reached skill level 8 in Axes
  4801 | D:7      | Found an iron altar of Okawaru.
  4806 | D:7      | Became a worshipper of Warmaster Okawaru
  4868 | D:7      | Found a runed door.
  4872 | D:7      | Noticed Crazy Yiuf
  4879 | D:7      | Killed Crazy Yiuf
  5289 | D:7      | Found a burning altar of Makhleb.
  5436 | D:8      | Found a snail-covered altar of Cheibriados.
  5438 | D:8      | Found a basalt altar of Yredelemnul.
  5511 | D:8      | Noticed a two-headed ogre
  5525 | D:8      | Killed a two-headed ogre
  5525 | D:8      | Reached * piety under Okawaru
  5525 | D:8      | Reached skill level 9 in Axes
  5525 | D:8      | Reached XP level 10. HP: 53/79 MP: 10/10
  5585 | D:8      | Reached ** piety under Okawaru
  5629 | D:8      | HP: 3/79 [wolf (4)]
  5823 | D:9      | Noticed a two-headed ogre
  5882 | D:8      | Found a staircase to the Lair.
  5945 | D:9      | Killed a two-headed ogre
  5945 | D:9      | Reached *** piety under Okawaru
  5945 | D:9      | Reached skill level 10 in Axes
  5945 | D:9      | Reached skill level 1 in Evocations
  6104 | D:9      | Identified the +6 scale mail of the Cockroach {rElec Stlth+} (You found it on level 9 of the Dungeon)
  6194 | D:9      | Found an ancient bone altar of Kikubaaqudgha.
  6206 | D:9      | Reached skill level 1 in Invocations
  6206 | D:9      | Reached XP level 11. HP: 84/87 MP: 11/11
  6390 | D:9      | Reached **** piety under Okawaru
  6682 | D:10     | Entered Level 10 of the Dungeon
  6950 | D:10     | Reached ***** piety under Okawaru
  7109 | D:10     | Noticed a two-headed ogre
  7119 | D:10     | Killed a two-headed ogre
  7119 | D:10     | Reached skill level 11 in Axes
  7199 | D:10     | Received a gift from Okawaru
  7655 | D:11     | Reached skill level 10 in Shields
  7697 | D:11     | Noticed a green ugly thing
  7719 | D:11     | Killed a green ugly thing
  7719 | D:11     | Reached XP level 12. HP: 33/96 MP: 13/15
  7798 | D:10     | HP: 3/96 [killer bee (8)]
  8247 | D:11     | Reached skill level 5 in Invocations
  8612 | D:12     | Found a staircase to the Orcish Mines.
  8667 | D:12     | Reached skill level 10 in Fighting
  8677 | D:12     | Noticed Azrael
  8704 | D:12     | HP: 4/97 [Azrael/scimitar of flaming (1)]
  8705 | D:12     | Killed Azrael
  8730 | D:12     | Reached skill level 12 in Axes
  8751 | Orc:1    | Entered Level 1 of the Orcish Mines
  8760 | Orc:1    | HP: 1/97 [orc warrior/hand axe (12)]
  8761 | Orc:1    | Slain by a troll

Skill      XL: |  1  2  3  4  5  6  7  8  9 10 11 12 |
---------------+-------------------------------------+-----
Armour         | 4 5 6 7 |  7.5
Axes           | 3 4 5 7 9 10 11 12 | 12.0
Shields        | 4 5 7 8 10 | 10.6
Dodging        | 1 2 3 |  3.5
Stealth        | 1 2 3 4 |  4.2
Fighting       | 4 5 7 8 9 10 | 10.2
Evocations     | 1 |  1.4
Invocations    | 1 4 5 |  5.8
Throwing       | |  0.3

Action                   |  1- 3 |  4- 6 |  7- 9 | 10-12 || total
-------------------------+-------+-------+-------+-------++-------
Melee: War axe           |   104 |   115 |    32 |       ||   251
       Whip              |       |       |    90 |       ||    90
       Battleaxe         |       |       |   211 |   722 ||   933
Throw: Throwing net      |       |     1 |       |       ||     1
       Tomahawk          |       |       |     3 |       ||     3
Invok: Heroism           |       |       |       |     8 ||     8
       Finesse           |       |       |       |     2 ||     2
 Abil: Dig               |       |     2 |     3 |     3 ||     8
       Shaft Self        |       |       |     1 |       ||     1
Evoke: Wand              |       |       |     4 |    10 ||    14
  Use: Potion            |     1 |     1 |     5 |     4 ||    11
       Scroll            |       |       |     2 |     6 ||     8
 Stab: Paralysed         |       |       |     7 |     4 ||    11
       Sleeping          |       |       |       |     4 ||     4
  Eat: Chunk             |       |     5 |    11 |    21 ||    37
Armor: Scale mail        |    45 |    44 |    47 |   195 ||   331
       Plate armour      |       |       |    59 |    54 ||   113
       Troll leather arm |       |       |       |     5 ||     5
Dodge: Dodged            |    37 |    38 |    66 |   198 ||   339
Block: Shield            |    60 |    37 |    49 |       ||   146
       Large shield      |       |       |   145 |   744 ||   889
